 Dungeon Crawl Stone Soup version 0.20-a0-641-g673355a (webtiles) character file.

209 pichaelthompson the Cudgeler (level 5, -2/42 HPs)
             Began as a Demonspawn Berserker on Feb 14, 2017.
             Was a Priest of Trog.
             Killed by divine providence
             ... invoked by an orc priest
              (13 damage)
             ... on level 4 of the Dungeon.
             The game lasted 00:13:45 (3131 turns).

pichaelthompson the Cudgeler (Demonspawn Berserker) Turns: 3131, Time: 00:13:46

Health: -2/42      AC:  9    Str: 19    XL:     5   Next: 55%
Magic:  5/5        EV: 12    Int:  8    God:    Trog [***...]
Gold:   107        SH:  0    Dex: 14    Spells: 4/4 levels left

rFire    . . .     SeeInvis .   a - +0 mace
rCold    . . .     Gourm    .   e - +0 ring mail
rNeg     . . .     Faith    .   (no shield)
rPois    .         Spirit   .   (helmet restricted)
rElec    .         Reflect  .   (no cloak)
rCorr    .         Harm     .   b - +0 pair of gloves
MR       .....                  (no boots)
Stlth    +.........             (no amulet)
Regen    0.2/turn               r - +1 ring of protection
MPRegen  0.1/turn               i - +2 ring of dexterity

@: exhausted, slowed, very slow
A: antennae 1, slimy green scales 1
a: Berserk, Trog's Hand, Burn Spellbooks, Renounce Religion


You were on level 4 of the Dungeon.
You worshipped Trog.
Trog was most pleased with you.
You were not hungry.

You visited 1 branch of the dungeon, and saw 4 of its levels.

You collected 107 gold pieces.

Inventory:

Hand Weapons
 a - a +0 mace (weapon)
Armour
 b - a +0 pair of gloves (worn)
 e - a +0 ring mail (worn)
Jewellery
 i - a +2 ring of dexterity (left hand)
 r - a +1 ring of protection (right hand)
Scrolls
 d - a scroll of fear {unknown}
 f - a scroll of immolation {unknown}
 h - a scroll of enchant armour {unknown}
 j - a scroll of teleportation {unknown}
 k - 3 scrolls of remove curse
 n - a scroll of recharging {unknown}
 s - a scroll of fog {unknown}
 u - 4 scrolls of identify {unknown}
Potions
 l - 2 potions of heal wounds {unknown}
 m - 2 potions of curing {unknown}
 p - a potion of agility {unknown}
 t - a potion of might {unknown}
Comestibles
 c - 3 bread rations
 g - a meat ration
 o - 4 fruits
 q - 2 chunks of flesh


   Skills:
 + Level 3.8 Fighting
 + Level 4.1 Maces & Flails
 + Level 2.7 Armour
 + Level 2.9 Dodging
 + Level 0.8 Stealth


You had 4 spell levels left.
You didn't know any spells.

Dungeon Overview and Level Annotations

Branches:
Dungeon (4/15)
 Temple: D:4-7

Altars:
Nemelex Xobeh
Yredelemnul


Innate Abilities, Weirdness & Mutations

You have a pair of small antennae on your head.
You are partially covered in slimy green scales. (AC +2)


Message History

Something hits you but does no damage.
You hit something but do no damage.
Your skin stops crawling.
You feel less resistant to hostile enchantments.
The orc wizard gestures wildly while chanting.
The orc wizard blinks!
You hear some strange, mumbled words.
Something tries to affect you, but you resist.
Something hits you but does no damage.
You miss something.
The orc priest mumbles some strange prayers to Beogh against you.
Beogh smites you!
Something hits you but does no damage. x2
You hit something. Something hits you but does no damage.
You barely miss something. Something hits you but does no damage.
Something hits you.
* * * LOW HITPOINT WARNING * * *
You miss something.
The orc priest invokes the aid of Beogh against you.
Beogh smites you!
You die...

. ... #. #.# #.# #.# # ...## #
..##.#.# #.##.?. #. ....#.## ###
#r##... #. #..... ..# #.##..#
#.##<.#### #.# #.##..#
#........# #.# #.##.o#
####..##.# #@# #.##..#####
#..##.## #{# #.##....).#
#######..#...###o###.#...#.....#
...............ooo.o.....#.....#
#######..#...##.o..............#
#..##......#########.....#
#..........# #.....#
#.########.# ###.#... #.# #.#
.####


You could see an orc priest, an orc wizard and 3 orcs.

Vanquished Creatures
  Ijyb (D:2)
  An orc wizard (D:4)
  Terence (D:2)
  4 adders
  4 worms
  A dart slug (D:1)
  5 leopard geckos
  An orc (D:3)
  2 ball pythons
  6 bats
  5 giant cockroaches
  5 hobgoblins
  10 jackals
  16 frilled lizards
  7 goblins
  9 kobolds
  8 rats
86 creatures vanquished.

Notes
Turn   | Place    | Note
-------+----------+-------------------------------------------
     0 | D:1      | pichaelthompson the Demonspawn Berserker began the quest for the Orb.
     0 | D:1      | Reached XP level 1. HP: 18/18 MP: 1/1
   176 | D:1      | Gained mutation: You are partially covered in slimy green scales. (AC +2) [demonic ancestry]
   176 | D:1      | Reached XP level 2. HP: 17/24 MP: 2/2
   222 | D:1      | Reached skill level 3 in Maces & Flails
   386 | D:1      | Reached ** piety under Trog
   521 | D:1      | Gained mutation: You have a pair of small antennae on your head. [demonic ancestry]
   521 | D:1      | Reached XP level 3. HP: 23/29 MP: 3/3
  1535 | D:2      | Reached XP level 4. HP: 35/35 MP: 4/4
  1714 | D:2      | Noticed Terence
  1726 | D:2      | Killed Terence
  1860 | D:2      | Reached *** piety under Trog
  2095 | D:2      | Noticed Ijyb
  2117 | D:2      | Killed Ijyb
  2117 | D:2      | Reached XP level 5. HP: 42/42 MP: 5/5
  2367 | D:3      | Found a sparkling altar of Nemelex Xobeh.
  2386 | D:3      | Reached skill level 4 in Maces & Flails
  2597 | D:3      | Found a basalt altar of Yredelemnul.
  3131 | D:4      | Killed from afar by an orc priest

Vault maps used:
D:1:      roderic_dead_forest, minmay_lizard_king
D:2:      first_bread, st_stairs_9, uniq_iyjb, uniq_terence
D:3:      yredelemnul_altar_generic, nicolae_overflow_crystal_walls
D:4:      kennysheep_boxes

Skill      XL: |  1  2  3  4  5 |
---------------+----------------+-----
Maces & Flails | 3 4 |  4.1
Armour         | 2 |  2.7
Dodging        | 2 |  2.9
Fighting       | |  3.8
Stealth        | |  0.8

Action                   |  1- 3 |  4- 6 || total
-------------------------+-------+-------++-------
Melee: Mace              |   146 |   154 ||   300
Invok: Berserk           |     1 |     3 ||     4
       Trog's Hand       |       |     1 ||     1
  Use: Scroll            |       |     1 ||     1
  Eat: Chunk             |     3 |     6 ||     9
       Royal jelly       |       |     1 ||     1
Armor: Animal skin       |     5 |       ||     5
       Ring mail         |   102 |    95 ||   197
Dodge: Dodged            |   128 |   152 ||   280
